 Dungeon Crawl Stone Soup version 0.21.1-1-g345015f (webtiles) character file.

114 theblackcape the Skirmisher (level 4, -4/61 HPs)
             Began as a Gnoll Wanderer on June 14, 2018.
             Slain by theblackcape's ghost (16 damage)
             ... on level 3 of the Dungeon.
             The game lasted 00:05:31 (1651 turns).

theblackcape the Skirmisher (Gnoll Wanderer)        Turns: 1651, Time: 00:05:32

Health: -4/61      AC: 22    Str: 11    XL:     4   Next: 97%
Magic:  5/5        EV:  2    Int: 16    God:
Gold:   98         SH:  0    Dex: 17    Spells: 5/5 levels left

rFire    . . .     SeeInvis .   m - +0 short sword
rCold    . . .     Gourm    .   (no shield)
rNeg     + + +     Faith    .   (armour currently unavailable)
rPois    +         Spirit   .   (helmet currently unavailable)
rElec    .         Reflect  .   (cloak currently unavailable)
rCorr    .         Harm     .   (gloves currently unavailable)
MR       .....     NoTele   +   (boots currently unavailable)
Stlth    ++........             (no amulet)
HPRegen  0.20/turn              (no ring)
MPRegen  0.09/turn              (no ring)

@: tree-form
A: distributed training, strong nose
a: no special abilities


You were on level 3 of the Dungeon.
You were very hungry.
You were a tree.
You visited 1 branch of the dungeon, and saw 3 of its levels.

You collected 98 gold pieces.

Inventory:

Hand Weapons
 a - a +2 shortbow
 h - a +0 dagger
 m - a +0 short sword (weapon)
Armour
 e - a +0 robe (melded)
 i - a +0 pair of boots (melded)
Scrolls
 c - 2 scrolls of teleportation
 g - a scroll of remove curse
 j - 2 scrolls of amnesia {unknown}
 k - a scroll of identify {unknown}
 l - a scroll of enchant armour {unknown}
Comestibles
 f - 3 rations


   Skills:
 + Level 6.6 Fighting
 + Level 1.2 Short Blades
 + Level 1.2 Long Blades
 + Level 1.2 Axes
 + Level 1.2 Maces & Flails
 + Level 1.2 Polearms
 + Level 1.2 Staves
 + Level 1.2 Slings
 + Level 4.7 Bows
 + Level 2.8 Crossbows
 + Level 1.2 Throwing
 + Level 4.7 Armour
 + Level 1.2 Dodging
 + Level 2.6 Stealth
 + Level 2.8 Shields
 + Level 1.2 Unarmed Combat
 + Level 1.2 Spellcasting
 + Level 1.0 Conjurations
 + Level 1.0 Hexes
 + Level 1.0 Charms
 + Level 1.0 Summonings
 + Level 1.0 Necromancy
 + Level 1.0 Translocations
 + Level 1.0 Transmutations
 + Level 1.0 Fire Magic
 + Level 1.0 Ice Magic
 + Level 1.0 Air Magic
 + Level 1.0 Earth Magic
 + Level 1.0 Poison Magic
 + Level 1.4 Invocations
 + Level 1.2 Evocations


You had 5 spell levels left.
You didn't know any spells.

Dungeon Overview and Level Annotations

Branches:
Dungeon (3/15)

Altars:

Annotations:
D:3 Grinder; theblackcape's ghost, amateur GnWn


Innate Abilities, Weirdness & Mutations

Your experience applies equally to all skills.
((You have very sharp teeth.))
Your uncanny sense of smell can sniff out nearby items.


Message History

Theblackcape's ghost is moderately damaged.
Theblackcape's ghost hits you.
You hit theblackcape's ghost.
Theblackcape's ghost is moderately damaged.
Theblackcape's ghost hits you but does no damage.
Grinder says, "Just stop there for a second..."
You barely miss theblackcape's ghost.
Theblackcape's ghost is moderately damaged.
Theblackcape's ghost hits you but does no damage.
You completely miss theblackcape's ghost.
Theblackcape's ghost is moderately damaged.
Theblackcape's ghost hits you but does no damage.
You are electrocuted!
* * * LOW HITPOINT WARNING * * *
Grinder says, "Wait up."
You hit theblackcape's ghost.
Theblackcape's ghost is moderately damaged.
Theblackcape's ghost hits you but does no damage.
You are electrocuted!
You die...

∆ #.#################
....(...#..................
........#.#################
........#.# ## ........#.#
..# .......(#.# ....
........#.#######.....
(.......#(............
.(.(.(((((♣..÷........
.(...(.(##.W........##
...(........(........#
...(....#####5..##...#
........# #(..# ...
..^...... +...+ ..
........# #...# . .........
...(.


You could see Grinder and theblackcape's ghost.

Vanquished Creatures
  An orc priest (D:3)
  2 adders
  An ooze (D:1)
  A worm (D:3)
  A dart slug (D:1)
  2 leopard geckos (D:1)
  5 orcs (D:3)
  4 giant cockroaches
  10 goblins
  2 hobgoblins (D:1)
  2 jackals (D:3)
  5 bats
  8 kobolds
  7 rats
51 creatures vanquished.

Notes
Turn   | Place    | Note
-------+----------+-------------------------------------------
     0 | D:1      | theblackcape the Gnoll Wanderer began the quest for the Orb.
     0 | D:1      | theblackcape set off with: a +2 shortbow, 21 arrows, a scroll of teleportation, a potion of lignification, a +0 robe, a ration
     0 | D:1      | Reached XP level 1. HP: 23/23 MP: 1/1
   126 | D:1      | Reached XP level 2. HP: 28/29 MP: 2/2
   427 | D:1      | Reached XP level 3. HP: 35/35 MP: 3/3
   825 | D:2      | Reached skill level 1 in Invocations
  1052 | D:2      | Reached skill level 1 in Short Blades
  1052 | D:2      | Reached skill level 1 in Long Blades
  1052 | D:2      | Reached skill level 1 in Axes
  1052 | D:2      | Reached skill level 1 in Maces & Flails
  1052 | D:2      | Reached skill level 1 in Polearms
  1052 | D:2      | Reached skill level 1 in Staves
  1052 | D:2      | Reached skill level 1 in Slings
  1052 | D:2      | Reached skill level 1 in Throwing
  1052 | D:2      | Reached skill level 1 in Dodging
  1052 | D:2      | Reached skill level 1 in Unarmed Combat
  1052 | D:2      | Reached skill level 1 in Spellcasting
  1052 | D:2      | Reached skill level 1 in Evocations
  1158 | D:2      | Reached XP level 4. HP: 40/41 MP: 5/5
  1438 | D:3      | Reached skill level 1 in Conjurations
  1438 | D:3      | Reached skill level 1 in Hexes
  1438 | D:3      | Reached skill level 1 in Charms
  1438 | D:3      | Reached skill level 1 in Summonings
  1438 | D:3      | Reached skill level 1 in Necromancy
  1438 | D:3      | Reached skill level 1 in Translocations
  1438 | D:3      | Reached skill level 1 in Transmutations
  1438 | D:3      | Reached skill level 1 in Fire Magic
  1438 | D:3      | Reached skill level 1 in Ice Magic
  1438 | D:3      | Reached skill level 1 in Air Magic
  1438 | D:3      | Reached skill level 1 in Earth Magic
  1438 | D:3      | Reached skill level 1 in Poison Magic
  1445 | D:3      | HP: 2/41 [orc/war axe (7)]
  1636 | D:3      | Noticed theblackcape's ghost (amateur GnWn)
  1646 | D:3      | Noticed Grinder
  1651 | D:3      | Slain by theblackcape's ghost

Skill      XL: |  1  2  3  4 |
---------------+-------------+-----
Invocations    | 1 |  1.4
Short Blades   | 1 |  1.2
Long Blades    | 1 |  1.2
Axes           | 1 |  1.2
Maces & Flails | 1 |  1.2
Polearms       | 1 |  1.2
Staves         | 1 |  1.2
Slings         | 1 |  1.2
Throwing       | 1 |  1.2
Dodging        | 1 |  1.2
Unarmed Combat | 1 |  1.2
Spellcasting   | 1 |  1.2
Evocations     | 1 |  1.2
Conjurations   | 1 |  1.0
Hexes          | 1 |  1.0
Charms         | 1 |  1.0
Summonings     | 1 |  1.0
Necromancy     | 1 |  1.0
Translocations | 1 |  1.0
Transmutations | 1 |  1.0
Fire Magic     | 1 |  1.0
Ice Magic      | 1 |  1.0
Air Magic      | 1 |  1.0
Earth Magic    | 1 |  1.0
Poison Magic   | 1 |  1.0
Fighting       | |  6.6
Bows           | |  4.7
Crossbows      | |  2.8
Armour         | |  4.7
Stealth        | |  2.6
Shields        | |  2.8

Action                   |  1- 3 |  4- 6 || total
-------------------------+-------+-------++-------
Melee: Dagger            |     2 |       ||     2
       Shortbow          |     1 |       ||     1
       Short sword       |       |     8 ||     8
 Fire: Shortbow          |    75 |    47 ||   122
  Use: Scroll            |     1 |       ||     1
       Potion            |       |     1 ||     1
  Eat: Chunk             |       |     1 ||     1
Armor: Robe              |     6 |     2 ||     8
       Skin              |       |     7 ||     7
Dodge: Dodged            |    20 |     7 ||    27
